 Dungeon Crawl Stone Soup version 0.30-a0-381-g6ea064c7b4 (webtiles) character file.

Game seed: 5690865915253889103

252 bande the Covered (level 6, -4/38 HPs)
             Began as a Gargoyle Fighter on Dec 1, 2022.
             Was an Initiate of Okawaru.
             Slain by an ogre
             ... wielding a +0 giant spiked club
              (16 damage)
             ... on level 4 of the Dungeon on Dec 2, 2022.
             The game lasted 00:05:58 (2746 turns).

bande the Covered (Gargoyle Fighter)                Turns: 2746, Time: 00:05:59

Health: -4/38      AC: 19    Str: 20    XL:     6   Next: 14%
Magic:  6/6        EV:  5    Int:  8    God:    Okawaru [......]
Gold:   222        SH:  4    Dex: 11    Spells: 5/5 levels left

rFire   + . .      SeeInvis .    a - +1 war axe
rCold   . . .      Faith    .    c - +0 buckler
rNeg    + . .      Spirit   .    n - +0 plate armour
rPois   ∞          Reflect  .    (helmet restricted)
rElec   +          Harm     .    v - +0 cloak
rCorr   .          Rampage  .    l - +0 pair of gloves
Will    .....                    g - +0 pair of boots {Fly}
Stlth   ..........               (no amulet)
HPRegen 0.26/turn                i - ring of flight
MPRegen 0.10/turn                (no ring)

@: flying
A: sickness immunity, AC +4, negative energy resistance 1, electricity
resistance, torment resistance 1, petrification resistance, horns 1, fire
resistance 1, MP-powered wands
a: Renounce Religion


You were on level 4 of the Dungeon.
You worshipped Okawaru.
Okawaru was noncommittal.
You visited 1 branch of the dungeon, and saw 4 of its levels.

You collected 222 gold pieces.

Inventory:

Hand Weapons
 a - a +1 war axe (weapon)
 s - a +0 flail
Armour
 c - a +0 buckler (worn)
 g - a +0 pair of boots of flying (worn)
 l - a +0 pair of gloves (worn)
 n - a +0 plate armour (worn)
 p - a +0 helmet
 v - a +0 cloak (worn)
Jewellery
 i - a ring of flight (left hand)
Wands
 m - a wand of flame (14)
 t - a wand of light (6)
 u - a wand of paralysis (6)
Scrolls
 h - 3 scrolls of teleportation
 q - a scroll of enchant weapon
 w - a scroll of butterflies
Potions
 b - a potion of berserk rage
 d - 2 potions of might
 e - 2 potions of mutation
 k - a potion of degeneration {unknown}
 r - 3 potions of curing


   Skills:
 + Level 4.1 Fighting
 + Level 3.7 Axes
 + Level 4.3 Armour
 + Level 4.0 Shields
 * Level 1.6 Evocations


You had 5 spell levels left.
You didn't know any spells.
Your spell library was empty.

Dungeon Overview and Level Annotations

Branches:
Dungeon (4/15)
 Temple: D:4-7

Altars:
Elyvilon
Okawaru
Qazlal
Yredelemnul


Innate Abilities, Weirdness & Mutations

You are immune to sickness and miasma.
Your stone body is resilient. (AC +4)
You are immune to poison.
You resist negative energy. (rN+)
You are resistant to electric shocks. (rElec)
You are resistant to unholy torment.
You are immune to petrification.
You have a pair of small horns on your head.
Your flesh is heat resistant. (rF+)
You expend magic power (3 MP) to strengthen your wands.


Message History

Found Nairatzu's Anthology of Ruinous Vapour.
There is an iron altar of Okawaru here.
You hover solemnly before the altar of Okawaru.
Okawaru welcomes you!
You slash the orc!
You kill the orc!
Okawaru accepts your kill.
The quokka bites you but does no damage.
Things that are here:
a +0 dagger; an orc corpse You hit the quokka.
You kill the quokka!
Okawaru accepts your kill.
No target in view!
No target in view!
No target in view!
No target in view!
No target in view!
No target in view!
An ogre comes into view. It is wielding a +0 giant spiked club.
You completely miss the ogre. You headbutt the ogre.
The ogre is lightly wounded.
The ogre hits you with a +0 giant spiked club!
You slash the ogre! You headbutt the ogre!
The ogre is almost dead.
The ogre hits you but does no damage.
You closely miss the ogre.
The ogre is almost dead.
The ogre hits you with a +0 giant spiked club!
You hit the ogre.
The ogre is almost dead.
You block the ogre's attack.
You barely miss the ogre.
The ogre is almost dead.
The ogre hits you with a +0 giant spiked club!
* * * LOW HITPOINT WARNING * * *
You barely miss the ogre.
The ogre is almost dead.
The ogre hits you with a +0 giant spiked club!
You die...

# #....).# # ### #.+......# #
#######.. .........#### #
........#######......... #
.....................#.. #
........#.###.#......... #
........#.....#......... #
.............O#.._..#.#....... #
............@#...).#.+....... #
.............#.###.#.#.###>.. #
....##+##...........#...<...
######...##......#######..###.#.#
....##............:...o..........
......)..........................
.##....)......##..............###
.###..........##...r#####.###.# #
.# #.#.#########.... #.# #.# #


You could see an ogre.

Vanquished Creatures
  A hound (D:4)
  Ijyb (D:3)
  3 gnolls (D:2)
  8 adders
  2 worms (D:3)
  3 dart slugs
  5 orcs
  6 bats
  4 endoplasms
  4 giant cockroaches
  6 goblins
  15 hobgoblins
  3 jackals (D:4)
  4 quokkas
  4 ball pythons
  2 frilled lizards (D:2)
  4 kobolds
  A rat (D:3)
76 creatures vanquished.

Notes
Turn   | Place    | Note
-------+----------+-------------------------------------------
     0 | D:1      | bande the Gargoyle Fighter began the quest for the Orb.
     0 | D:1      | Reached XP level 1. HP: 14/14 MP: 1/1
   159 | D:1      | Reached XP level 2. HP: 19/19 MP: 2/2
   420 | D:1      | Reached XP level 3. HP: 23/23 MP: 3/3
   599 | D:1      | Found a faded altar of an unknown god.
   808 | D:2      | Gained mutation: Your flesh is heat resistant. (rF+)
                  | [potion of mutation]
   808 | D:2      | Gained mutation: You have a pair of small horns on your
                  | head. [potion of mutation]
   808 | D:2      | Gained mutation: You expend magic power (3 MP) to
                  | strengthen your wands. [potion of mutation]
   926 | D:2      | Reached XP level 4. HP: 24/29 MP: 4/4
  1487 | D:3      | Reached XP level 5. HP: 33/33 MP: 5/5
  1492 | D:3      | Reached skill level 1 in Evocations
  1524 | D:3      | Found a basalt altar of Yredelemnul.
  1534 | D:3      | Found a white marble altar of Elyvilon.
  1898 | D:3      | Noticed Ijyb
  1913 | D:3      | Killed Ijyb
  2545 | D:4      | Reached XP level 6. HP: 37/38 MP: 6/6
  2638 | D:4      | Found a stormy altar of Qazlal.
  2640 | D:4      | Noticed a water elemental
  2641 | D:4      | Noticed an air elemental
  2641 | D:4      | Noticed a fire elemental
  2725 | D:4      | Found an iron altar of Okawaru.
  2731 | D:4      | Became a worshipper of Warmaster Okawaru
  2746 | D:4      | Slain by an ogre

Illustrated notes

Levels and vault maps discovered:
D:1:      lordsloth_arrival_two_stooges, layout_loops_ring,
          dilly_ecumenical_altar_fadedgnrine
D:2:      layout_basic, minmay_pentomino_t2
D:3:      layout_basic, elyvilon_altar_4, mainiacjoe_overflow_six_doors_small,
          uniq_ijyb
D:4:      layout_basic, mainiacjoe_overflow_alcove_1,
          nicolae_qazlal_style_of_elements, mainiacjoe_overflow_cross_hatched,
          nicolae_shop_i_like_big_books, amethyst_killhole

Skill      XL: |  1  2  3  4  5 |
---------------+----------------+-----
Axes           | 2 3 |  3.7
Fighting       | 4 |  4.1
Armour         | 4 |  4.3
Evocations     | 1 |  1.6
Shields        | 4 |  4.0

Action                   |  1- 3 |  4- 6 || total
-------------------------+-------+-------++-------
Melee: War axe           |    72 |   143 ||   215
       Headbutt          |     2 |    19 ||    21
  Use: Scroll            |     4 |     6 ||    10
       Potion            |     1 |       ||     1
Armor: Scale mail        |    25 |       ||    25
       Plate armour      |     8 |   107 ||   115
Dodge: Dodged            |    30 |    40 ||    70
Block: Buckler           |    15 |    33 ||    48

Table legend: (Time is in decaauts)
 A = Elapsed time spent in this place.
 B = Non-inter-level travel time spent in this place.
 C = Inter-level travel time spent in this place.
 D = Time resting spent in this place.
 E = Time spent auto-exploring this place.
 F = Levels seen in this place.
 G = Mean time per level.
                   A        B        C        D        E       F      G
               +--------+--------+--------+--------+--------+-----+--------+
         Total |   2829 |   2721 |    108 |    145 |   1937 |   4 |  707.2 |
       Dungeon |   2829 |   2721 |    108 |    145 |   1937 |   4 |  707.2 |
               +--------+--------+--------+--------+--------+-----+--------+

Top non-repeatable levels by time:
     D:3: 1013 daAuts
     D:2: 794 daAuts
     D:1: 699 daAuts
     D:4: 322 daAuts
